 Dungeon Crawl Stone Soup version 0.23-a0-650-ga4d50d4 (webtiles) character file.

146 GroovyGamera the Skirmisher (level 5, -4/34 HPs)
             Began as a Gargoyle Fighter on Jan 2, 2019.
             Slain by a killer bee (5 damage)
             ... on level 3 of the Dungeon.
             The game lasted 00:04:43 (2396 turns).

GroovyGamera the Skirmisher (Gargoyle Fighter)      Turns: 2396, Time: 00:04:43

Health: -4/34      AC: 11    Str: 20    XL:     5   Next: 28%
Magic:  5/5        EV:  7    Int:  9    God:
Gold:   225        SH:  9    Dex:  9    Spells: 4/4 levels left

rFire    + . .     SeeInvis .   a - +0 war axe
rCold    + . .     Gourm    .   c - +0 shield
rNeg     + . .     Faith    .   b - +0 scale mail
rPois    ∞         Spirit   .   (no helmet)
rElec    +         Reflect  .   (no cloak)
rCorr    +         Harm     .   (no gloves)
MR       .....                  (no boots)
Stlth    ..........             (no amulet)
HPRegen  0.11/turn              (no ring)
MPRegen  0.09/turn              (no ring)

@: resistant, hasted, very quick
A: negative energy resistance 1, electricity resistance, unbreathing,
petrification resistance, rot immunity, AC +4
a: no special abilities


You were on level 3 of the Dungeon.
You were hungry.

You visited 1 branch of the dungeon, and saw 3 of its levels.

You collected 225 gold pieces.

Inventory:

Hand Weapons
 a - a +0 war axe (weapon)
Missiles
 n - 20 sling bullets
Armour
 b - a +0 scale mail (worn)
 c - a +0 shield (worn)
Jewellery
 o - a cursed -2 ring of dexterity
Scrolls
 e - a scroll of amnesia {unknown}
 g - a scroll of enchant armour {unknown}
 h - 3 scrolls of remove curse
 i - 2 scrolls of teleportation {unknown}
 m - a scroll of identify
 p - a scroll of fear {unknown}
 s - a scroll of magic mapping {unknown}
 u - a scroll of fog {unknown}
 v - a scroll of random uselessness {unknown}
Potions
 j - 2 potions of cancellation
 q - a potion of curing
Comestibles
 f - 4 rations
 w - 3 chunks of flesh


   Skills:
 + Level 4.5 Fighting
 - Level 1.7 Axes
 + Level 4.5 Armour
 + Level 4.5 Shields


You had 4 spell levels left.
You didn't know any spells.
Your spell library contained the following spells:

 Spells                   Type           Power        Failure   Level  Hunger
 Corona                   Hex            #......      99%         1    ##.....
 Ensorcelled Hibernation  Hex/Ice        #.....       100%        2    ###....
 Confuse                  Hex            #.......     100%        3    ####...
 Dazzling Spray           Conj/Hex       #.....       100%        3    ####...
 Tukima's Dance           Hex            #.......     100%        3    ####...


Dungeon Overview and Level Annotations

Branches:
Dungeon (3/15)

Altars:


Innate Abilities, Weirdness & Mutations

You are resistant to torment.
Your stone body is resilient. (AC +4)
You are immune to poison.
You resist negative energy. (rN+)
You are resistant to electric shocks. (rElec)
You can survive without breathing.
You are immune to petrification.
You are immune to rotting.


Message History

The killer bee closely misses you. You block the killer bee's attack.
You closely miss the killer bee.
The killer bee is severely wounded.
The killer bee barely misses you. You block the killer bee's attack.
You miss the killer bee.
The killer bee is severely wounded.
The killer bee stings you but does no damage.
The killer bee barely misses you.
You miss the killer bee.
The killer bee is severely wounded.
You block the killer bee's attack.
You closely miss the killer bee.
The killer bee is severely wounded.
You block the killer bee's attack. The killer bee stings you.
* * * LOW HITPOINT WARNING * * *
As you read the scroll labeled IFUIKI LIJEPH, it crumbles to dust.
It is a scroll of identify.
o - a cursed -2 ring of dexterity You block the killer bee's attack.
The killer bee stings you.
You die...

#. . . .## #y. #y#
#y# #@##### #.....#
######### #####.#
#.......# ######.#
#.......#####......#
#..)....'...#.######
#.......###.#.#
#.......# #.#.#
#.......# #.#.#


You could see 3 killer bees.

Vanquished Creatures
  3 adders (D:2)
  An ooze (D:1)
  4 worms (D:2)
  3 dart slugs
  5 leopard geckos
  An orc (D:3)
  3 giant cockroaches
  10 goblins
  12 hobgoblins
  14 jackals
  A ball python (D:3)
  8 bats
  6 frilled lizards (D:2)
  7 kobolds
  8 rats
86 creatures vanquished.

Notes
Turn   | Place    | Note
-------+----------+-------------------------------------------
     0 | D:1      | GroovyGamera the Gargoyle Fighter began the quest for the
                  | Orb.
     0 | D:1      | Reached XP level 1. HP: 14/14 MP: 1/1
    62 | D:1      | Reached XP level 2. HP: 16/19 MP: 2/2
   346 | D:1      | Reached XP level 3. HP: 24/24 MP: 3/3
  1032 | D:2      | Found a faded altar of an unknown god.
  1105 | D:2      | Reached XP level 4. HP: 22/29 MP: 4/4
  1822 | D:2      | Reached XP level 5. HP: 31/34 MP: 5/5
  2390 | D:3      | HP: 2/51 [killer bee (1)]
  2395 | D:3      | HP: 1/34 [killer bee (1)]
  2396 | D:3      | Slain by a killer bee

Vault maps used:
D:1:      sevenhm_arrival_forest_fort_large_4, serial_park_tiny_1
D:2:      minmay_razor_zed, chequers_ecumenical_altar_island
D:3:      first_ration, uniq_robin, uniq_ijyb

Skill      XL: |  1  2  3 |
---------------+----------+-----
Fighting       | 4 |  4.5
Shields        | 4 |  4.5
Armour         | 4 |  4.5
Axes           | |  1.7

Action                   |  1- 3 |  4- 6 || total
-------------------------+-------+-------++-------
Melee: War axe           |   135 |   203 ||   338
  Use: Potion            |       |     7 ||     7
       Scroll            |       |     2 ||     2
  Eat: Chunk             |     1 |     4 ||     5
Armor: Scale mail        |    75 |   107 ||   182
       Skin              |       |    19 ||    19
Dodge: Dodged            |    51 |    64 ||   115
Block: Shield            |    93 |   131 ||   224

Table legend:
 A = Non-vault XP
 B = Vault XP
 C = Vault XP percentage of total XP
 D = Non-vault monster count
 E = Vault monster count
 F = Vault count percentage of total count
                 A         B        C        D         E       F
            +---------+---------+-------+---------+---------+-------
      Total |     159 |      50 |  23.9 |      72 |      14 |  16.3
            +---------+---------+-------+---------+---------+-------
        D:1 |      65 |       0 |   0.0 |      32 |       0 |   0.0
        D:2 |      61 |      50 |  45.0 |      23 |      14 |  37.8
        D:3 |      33 |       0 |   0.0 |      17 |       0 |   0.0
            +---------+---------+-------+---------+---------+-------
